 Dungeon Crawl Stone Soup version 0.31-a0-875-g02e7d12df6 (webtiles) character file.

Game seed: 7534485295422995603

451 Azuregosa the Thaumaturge (level 6, -2/28 HPs)
             Began as a Spriggan Venom Mage on Oct 12, 2023.
             Was a Follower of Sif Muna.
             Slain by an unseen horror (5 damage)
             ... on level 6 of the Dungeon.
             The game lasted 00:21:46 (5018 turns).

Azuregosa the Thaumaturge (Spriggan Venom Mage)     Turns: 5018, Time: 00:21:47

Health: -2/28      AC:  3    Str:  4    XL:     6   Next: 75%
Magic:  11/18      EV: 17    Int: 19    God:    Sif Muna [*.....]
Gold:   192        SH:  0    Dex: 15    Spells: 12/22 levels left

rFire   . . .        A - +1 dagger (protect)
rCold   . . .        (no shield)
rNeg    . . .        a - +0 robe
rPois   .            (helmet restricted)
rElec   .            w - +0 cloak
rCorr   .            (gloves unavailable)
SInv    +            (boots unavailable)
Will    +....        (no amulet)
Stlth   ++           (no ring)
HPRegen 0.24/turn    (no ring)
MPRegen 0.16/turn

%: no passive effects
@: very quick
A: very small, no large weapons, unfitting armour, see invisible, speed 3
a: Renounce Religion, Channel Magic


You were on level 6 of the Dungeon.
You worshipped Sif Muna.
Sif Muna was aware of your devotion.
You visited 2 branches of the dungeon, and saw 7 of its levels.

You collected 192 gold pieces.

Inventory:

Hand Weapons
 v - a +2 quarterstaff of chaos
 A - a +1 dagger of protection (weapon)
Missiles
 c - 45 stones
 p - 8 poisoned darts
Armour
 a - a +0 robe (worn)
 w - a +0 cloak (worn)
Magical Staves
 d - a staff of fire
 j - a staff of death
Talismans
 e - a blade talisman
 l - a beast talisman
 r - a dragon-blood talisman
Wands
 o - a wand of mindburst (17)
 x - a wand of paralysis (8)
Scrolls
 h - a scroll of blinking {unknown}
 i - 3 scrolls of revelation {unknown}
 n - 7 scrolls of identify {unknown}
 q - a scroll of acquirement {unknown}
 y - a scroll of poison {unknown}
Potions
 b - a potion of magic
 f - a potion of invisibility {unknown}
 g - a potion of enlightenment {unknown}
 k - a potion of mutation {unknown}
 m - 2 potions of might {unknown}
 s - 2 potions of curing {unknown}
 t - a potion of degeneration {unknown}
 u - a potion of brilliance {unknown}
 z - a potion of haste {unknown}


   Skills:
 - Level 2.6 Dodging
 - Level 3.0 Stealth
 + Level 8.9 Spellcasting
 - Level 1.3 Transmutations
 - Level 3.0 Poison Magic


You had 12 spell levels left.
You knew the following spells:

 Your Spells              Type           Power      Damage    Failure   Level
a - Sting                 Tmut/Pois      64%        1d6       3%          1
b - Poisonous Vapours     Pois/Air       28%        N/A       7%          2
c - Mephitic Cloud        Conj/Pois/Air  12%        N/A       17%         3
d - Olgreb's Toxic Radia  Pois           19%        N/A       24%         4

Your spell library contained the following spells:

 Spells                   Type           Power      Damage    Failure   Level
 Slow                     Hex            32%        N/A       9%          1
 Confusing Touch          Hex            8%         N/A       26%         3
 Sigil of Binding         Hex            8%         N/A       26%         3
 Vampiric Draining        Necr           8%         2d6       26%         3


Dungeon Overview and Level Annotations

Branches:
Dungeon (6/15)             Temple (1/1) D:4

Altars:
Ashenzari
Cheibriados
Dithmenos
Elyvilon
Fedhas
Gozag
Hepliaklqana
Kikubaaqudgha
Makhleb
Nemelex Xobeh
Okawaru
Qazlal
Ru
Sif Muna
Trog
Uskayaw
Vehumet
Wu Jian
Xom
Yredelemnul
Zin
The Shining One

Shops:
D:2 [

Portals:
Ossuary: D:6


Innate Abilities, Weirdness & Mutations

You are very small and have problems with some larger weapons.
You are too small for most types of armour.
You have supernaturally acute eyesight. (SInv)
You cover ground extremely quickly. (Speed+++)


Message History

You hear a shout!
You hear a howl!
The unseen horror is engulfed in noxious fumes.
The unseen horror hits you!
* * * LOW HITPOINT WARNING * * *
The adder is engulfed in noxious fumes.
The adder appears confused.
Casting: Mephitic Cloud (quite dangerous; 17% risk of failure)
Confirm with . or Enter, or press ? or * to list all spells.
Aiming: Sting (safe; 3% risk of failure)
Press: ? - help, Shift-Dir - straight line, f - unseen horror
Aim: an unseen horror (slightly transparent, 74% to hit)
The sting misses the unseen horror.
The unseen horror hits you.
* * * LOW HITPOINT WARNING * * *
The adder misses the orc.
Casting: Sting (safe; 3% risk of failure)
Confirm with . or Enter, or press ? or * to list all spells.
Aiming: Sting (safe; 3% risk of failure)
Press: ? - help, Shift-Dir - straight line, f/p - unseen horror
Aim: an unseen horror (slightly transparent, 74% to hit)
The sting misses the unseen horror.
The unseen horror closely misses you.
Casting: Sting (safe; 3% risk of failure)
Confirm with . or Enter, or press ? or * to list all spells.
Aiming: Sting (safe; 3% risk of failure)
Press: ? - help, Shift-Dir - straight line, f/p - unseen horror
Aim: an unseen horror (slightly transparent, 74% to hit)
The sting hits the unseen horror.
The unseen horror is poisoned.
The unseen horror is lightly wounded.
The unseen horror completely misses you.
The adder is engulfed in noxious fumes.
The adder appears confused.
The orc wizard mumbles some strange words.
The orc wizard flickers and vanishes for a moment.
Okay, then.
The unseen horror misses you. Sif Muna accepts your kill.
You feel a bit more experienced.
You hear the slow hiss of an avalanche of sand very nearby.
The unseen horror barely misses you.
An orc comes into view. It is wielding a +0 hand axe.
The orc throws a poisoned dart.
The poisoned dart misses you. The unseen horror hits you.
You die...

#....# #....## #.....# #
#S###.# #.# ##.# #.# # ..
#o.# #.# ###.. #####.#o##
#.###....
......Y.####x#...####
.......oo...@.......### #.
....∩...#####.#####...##...
........# #......##....####
........#####.####.....#.....
............(........########
.......##..#.######..........
...#...... #. ##.#......#
####.... .. ...#.####.. .#
#.# ...###.. ###


You could see an unseen horror (invisible, poisoned), a sky beast and 2 orcs.

Vanquished Creatures
  A black bear (D:3)
  An ogre (D:4)
  A jelly (D:5)
  Crazy Yiuf (D:3)
  A hound (D:4)
  3 gnolls (D:4)
  6 adders
  A dart slug (D:2)
  8 orcs
  10 ball pythons
  4 bats
  6 endoplasms
  3 giant cockroaches
  3 goblins
  9 hobgoblins
  2 jackals (D:3)
  2 quokkas
  5 frilled lizards
  8 kobolds
  7 rats
82 creatures vanquished.

Notes
Turn   | Place    | Note
-------+----------+-------------------------------------------
     0 | D:1      | Azuregosa the Spriggan Venom Mage began the quest for the
                  | Orb.
     0 | D:1      | Reached XP level 1. HP: 9/9 MP: 5/5
   157 | D:1      | Reached skill level 3 in Spellcasting
   192 | D:2      | Found Wassac's Armour Boutique.
   243 | D:1      | Reached XP level 2. HP: 13/13 MP: 3/7
   490 | D:1      | Learned a level 2 spell: Poisonous Vapours
   635 | D:1      | Reached skill level 4 in Spellcasting
   847 | D:2      | Reached XP level 3. HP: 13/16 MP: 3/10
   864 | D:2      | Learned a level 3 spell: Mephitic Cloud
  1861 | D:3      | Reached skill level 5 in Spellcasting
  2124 | D:3      | Found a shimmering blue altar of Sif Muna.
  2170 | D:3      | Became a worshipper of Sif Muna the Loreminder
  2245 | D:4      | Noticed a black bear
  2260 | D:3      | Killed a black bear
  2261 | D:3      | Reached skill level 6 in Spellcasting
  2261 | D:3      | Reached XP level 4. HP: 11/21 MP: 1/13
  2261 | D:3      | Reached XP level 5. HP: 13/24 MP: 1/15
  2312 | D:3      | Learned a level 4 spell: Olgreb's Toxic Radiance
  3012 | D:3      | Reached skill level 7 in Spellcasting
  3151 | D:3      | Found a runed translucent door.
  3152 | D:3      | Noticed Crazy Yiuf
  3178 | D:3      | Killed Crazy Yiuf
  3498 | D:5      | Entered Level 5 of the Dungeon
  3524 | D:4      | Found a staircase to the Ecumenical Temple.
  3537 | Temple   | Entered the Ecumenical Temple
  3559 | D:4      | Reached * piety under Sif Muna
  3593 | D:4      | Noticed an ogre
  3730 | D:4      | Killed an ogre
  3731 | D:4      | Reached skill level 8 in Spellcasting
  3731 | D:4      | Reached XP level 6. HP: 28/28 MP: 12/18
  4961 | D:6      | Noticed an ice beast
  4994 | D:6      | Found a sand-covered staircase.
  4996 | D:6      | Noticed an unseen horror
  4997 | D:6      | Noticed a sky beast
  5007 | D:6      | HP: 1/28 [unseen horror (5)]
  5018 | D:6      | Slain by an unseen horror

Illustrated notes

Levels and vault maps discovered:
D:1:      grunt_arrival_lava_bath, layout_basic
D:2:      layout_loops_ring, serial_shops, nicolae_shop_tiny_glass
D:3:      layout_loops_ring, mainiacjoe_overflow_concentric_impassable,
          uniq_crazy_yiuf_cottage
D:4:      layout_loops_ring, minmay_temple_entry_crystal_x
D:5:      layout_gridville
D:6:      nicolae_whirlpool, layout_rooms, enter_ossuary_1, uniq_menkaure
Temple:   compressed_dpeg_circular_temple

Skill      XL: |  1  2  3  4  5 |
---------------+----------------+-----
Spellcasting   | 3 4 6 8 |  8.9
Dodging        | |  2.6
Stealth        | |  3.0
Transmutations | |  1.3
Poison Magic   | |  3.0

Action                     |  1- 3 |  4- 6 || total
---------------------------+-------+-------++-------
  Melee: Staff             |    15 |     2 ||    17
         Quarterstaff      |       |     4 ||     4
   Cast: Sting             |    46 |    75 ||   121
         Poisonous Vapours |    24 |    16 ||    40
         Mephitic Cloud    |       |     6 ||     6
 Armour: Robe              |    17 |    25 ||    42
  Dodge: Dodged            |    55 |    62 ||   117

Table legend: (Time is in decaauts)
 A = Elapsed time spent in this place.
 B = Non-inter-level travel time spent in this place.
 C = Inter-level travel time spent in this place.
 D = Time resting spent in this place.
 E = Time spent auto-exploring this place.
 F = Levels seen in this place.
 G = Mean time per level.
                   A        B        C        D        E       F      G
               +--------+--------+--------+--------+--------+-----+--------+
         Total |   3663 |   3634 |     29 |    675 |   2011 |   7 |  523.3 |
       Dungeon |   3661 |   3632 |     29 |    675 |   2011 |   6 |  610.2 |
        Temple |      1 |      1 |      0 |      0 |      0 |   1 |    1.0 |
               +--------+--------+--------+--------+--------+-----+--------+

Top non-repeatable levels by time:
     D:3: 1128 daAuts
     D:2: 819 daAuts
     D:4: 658 daAuts
     D:1: 581 daAuts
     D:5: 422 daAuts
     D:6: 50 daAuts
  Temple: 1 daAuts
